 Dungeon Crawl Stone Soup version 0.29.1-1-gd02db6906a (webtiles) character file.

Game seed: 17491776020752694083

254 xian the Chopper (level 6, -2/57 HPs)
             Began as a Naga Berserker on Oct 21, 2022.
             Was a Believer of Trog.
             Splashed by a jelly's acid (10 damage)
             ... on level 4 of the Dungeon on Oct 22, 2022.
             The game lasted 00:08:58 (5044 turns).

xian the Chopper (Naga Berserker)                   Turns: 5044, Time: 00:09:00

Health: -2/57      AC: -8    Str: 21    XL:     6   Next: 14%
Magic:  6/6        EV: 10    Int:  8    God:    Trog [**....]
Gold:   252        SH:  0    Dex: 16    Spells: 5/5 levels left

rFire   + . .      SeeInvis +   a - +0 hand axe
rCold   x . .      Faith    .   (no shield)
rNeg    . . .      Spirit   .   b - +0 animal skin
rPois   +          Reflect  .   (no helmet)
rElec   .          Harm     .   (no cloak)
rCorr   .          Rampage  .   (no gloves)
Will    .....                   (no barding)
Stlth   ++........              k - amulet of the acrobat
HPRegen 0.19/turn               p - ring of fire
MPRegen 0.10/turn               s - +6 ring of dexterity

@: corroded, very slow
A: AC +2, large, see invisible, deformed body, poison resistance, slowness 2,
spit poison 1, naga tail 1
a: Spit Poison, Renounce Religion, Berserk, Trog's Hand


You were on level 4 of the Dungeon.
You worshipped Trog.
Trog was pleased with you.
You visited 1 branch of the dungeon, and saw 4 of its levels.

You collected 252 gold pieces.

Inventory:

Hand Weapons
 a - a +0 hand axe (weapon)
Missiles
 y - 4 poisoned darts
Armour
 b - a +0 animal skin (worn)
Jewellery
 k - an amulet of the acrobat (around neck)
 p - a ring of fire (left hand)
 s - a +6 ring of dexterity (right hand)
Scrolls
 c - a scroll of identify {unknown}
 d - a scroll of poison {unknown}
 e - 3 scrolls of vulnerability {unknown}
 g - a scroll of brand weapon {unknown}
 j - a scroll of enchant weapon {unknown}
 o - 2 scrolls of amnesia {unknown}
 q - 2 scrolls of noise {unknown}
 r - a scroll of summoning {unknown}
 u - a scroll of enchant armour {unknown}
 v - a scroll of immolation {unknown}
 x - a scroll of butterflies {unknown}
Potions
 f - 4 potions of curing {unknown}
 h - a potion of brilliance {unknown}
 i - a potion of lignification {unknown}
 l - 2 potions of degeneration {unknown}
 m - a potion of berserk rage {unknown}
 n - a potion of might {unknown}
 t - a potion of flight {unknown}
 w - a potion of mutation {unknown}


   Skills:
 + Level 4.2 Fighting
 + Level 4.9 Axes
 + Level 1.8 Armour
 + Level 2.8 Dodging
 + Level 1.5 Stealth


You had 5 spell levels left.
You didn't know any spells.
Your spell library contained the following spells:

 Spells                   Type           Power      Damage    Failure   Level
 Magic Dart               Conj           0%         1d3       41%         1
 Searing Ray              Conj           0%         2d4       54%         2
 Fulminant Prism          Conj/Hex       0%         3d6       99%         4
 Chain Lightning          Conj/Air       0%         N/A       100%        9
 Fire Storm               Conj/Fire      0%         5d1       100%        9
 Shatter                  Erth           0%         3d5*      100%        9


Dungeon Overview and Level Annotations

Branches:
Dungeon (4/15)             Temple (0/1) D:4

Altars:


Innate Abilities, Weirdness & Mutations

Your serpentine skin is tough. (AC +2)
You have supernaturally acute eyesight. (SInv)
Armour fits poorly on your strangely shaped body.
Your system is resistant to poisons. (rPois)
You cover ground very slowly.
You can spit poison.
You have a snake-like lower body.


Message History

* * * LOW HITPOINT WARNING * * *
You hit the iguana.
You kill the iguana!
Trog accepts your kill.
You see here an iguana corpse.
Found 9 gold pieces.
Found an escape hatch in the floor.
You now have 252 gold pieces (gained 9).
A jelly comes into view.
The jelly closely misses you.
You barely miss the jelly. The jelly hits you but does no damage.
You hit the jelly but do no damage.
Your hands burn!
The jelly hits you. The acid corrodes you!
You are splashed with acid!
You hit the jelly.
Your hands burn!
You punch the jelly, but do no damage.
The jelly is moderately wounded.
The jelly barely misses you.
You hit the jelly.
Your hands burn!
The jelly is heavily wounded.
The jelly hits you.
You are splashed with acid!
You hit the jelly but do no damage.
Your hands burn!
The jelly is heavily wounded.
The jelly closely misses you.
You hit the jelly.
Your hands burn!
The jelly is heavily wounded.
The jelly barely misses you.
You hit the jelly but do no damage. The acid corrodes you!
Your hands burn!
You punch the jelly, but do no damage.
The jelly is heavily wounded.
The jelly misses you.
You hit the jelly.
Your hands burn!
The jelly is severely wounded.
The jelly hits you.
You are splashed with acid!
* * * LOW HITPOINT WARNING * * *
You hit the jelly but do no damage. The acid corrodes you!
Your hands burn!
* * * LOW HITPOINT WARNING * * *
The jelly is severely wounded.
The jelly hits you.
* * * LOW HITPOINT WARNING * * *
You are splashed with acid!
You die...

.......#####.###.##..#..#
#.# .......# #.#
#.##.....# #.# .......#
#.###.##..##.####.#.#
.......
#.................#.#
.......
#.#.#.##..##.######.##
.......
#.#.#.##..............
.......
#.#.#.##..##.#########
....... #...#.##.###.#
###.#@### #.#
#.#.J......# #.##########
#.# #.# #.# #.# ###


You could see a jelly.

Vanquished Creatures
  An iguana (D:4)
  2 orc wizards (D:4)
  4 gnolls (D:3)
  5 adders
  2 dart slugs
  3 worms
  5 orcs
  6 endoplasms
  4 giant cockroaches
  7 goblins
  2 hobgoblins
  11 jackals
  11 kobolds
  3 quokkas
  2 ball pythons
  3 bats
  4 frilled lizards
  6 rats
81 creatures vanquished.

Notes
Turn   | Place    | Note
-------+----------+-------------------------------------------
     0 | D:1      | xian the Naga Berserker began the quest for the Orb.
     0 | D:1      | Reached XP level 1. HP: 21/21 MP: 1/1
   362 | D:1      | Found a faded altar of an unknown god.
   371 | D:1      | Reached XP level 2. HP: 24/28 MP: 2/2
  1523 | D:2      | Reached XP level 3. HP: 32/34 MP: 3/3
  1728 | D:2      | Reached ** piety under Trog
  1971 | D:2      | Reached XP level 4. HP: 44/44 MP: 4/4
  3153 | D:3      | Reached XP level 5. HP: 50/50 MP: 5/5
  3164 | D:3      | Reached skill level 1 in Stealth
  4317 | D:4      | Found a staircase to the Ecumenical Temple.
  4482 | D:4      | Reached XP level 6. HP: 57/57 MP: 6/6
  5044 | D:4      | Splashed by a jelly's acid

Illustrated notes

Levels and vault maps discovered:
D:1:      psy_arrival_fountain, layout_basic, ebering_ecumenical_altar_box
D:2:      layout_loops_ring, minmay_ruptured
D:3:      layout_loops_corners
D:4:      minmay_general_purpose_star, layout_basic,
          minmay_temple_entry_offerings, hangedman_decor_opposing

Skill      XL: |  1  2  3  4  5 |
---------------+----------------+-----
Dodging        | 2 |  2.8
Axes           | 4 |  4.9
Stealth        | 1 |  1.5
Fighting       | 4 |  4.2
Armour         | |  1.8

Action                   |  1- 3 |  4- 6 || total
-------------------------+-------+-------++-------
Melee: Hand axe          |    95 |   153 ||   248
       Punch             |       |     3 ||     3
Invok: Berserk           |       |     3 ||     3
 Abil: Spit Poison       |    16 |    16 ||    32
 Stab: Sleeping          |       |     1 ||     1
Armor: Animal skin       |    12 |    16 ||    28
Dodge: Dodged            |    66 |   111 ||   177
